 Dungeon Crawl Stone Soup version 0.23.1-42-g8abd8fc (console) character file.

Game seed: 17063384719504201910

74739 jt the Fencer (level 15, 0/111 HPs)
             Began as an Octopode Fighter on Mar 30, 2019.
             Was the Champion of Nemelex Xobeh.
             Slain by a bullfrog (8 damage)
             ... on level 15 of the Dungeon on Mar 31, 2019.
             The game lasted 01:42:45 (30034 turns).

jt the Fencer (Octopode Fighter)                   Turns: 30034, Time: 01:42:46

Health: 0/111      AC:  3    Str: 22 (23) XL:     15   Next: 47%
Magic:  23/23      EV: 16    Int: 12      God:    Nemelex Xobeh [******]
Gold:   509        SH: 17    Dex:  9      Spells: 14/14 levels left

rFire    + . .     SeeInvis .   a - +10 long sword {drain, rF+ rC- Str+3}
rCold    + . .     Gourm    .   Q - +5 shield
rNeg     . . .     Faith    .   V - +2 hat
rPois    .         Spirit   .   I - amulet of the acrobat
rElec    .         Reflect  .   L - ring "Zeexinge" {rCorr rC+}
rCorr    +         Harm     .   W - ring of ice
MR       +....                  n - -3 ring of dexterity (curse)
Stlth    ++........             (no ring)
HPRegen  0.28/turn              (no ring)
MPRegen  0.18/turn              (no ring)
                                (no ring)
                                (no ring)

@: very slightly contaminated
A: almost no armour, stealthy swim, amphibious, 8 rings, constrict 8, tentacle
spike 1, camouflage 1, deterioration 1, fire resistance 1, gelatinous body 1
a: Draw Escape, Draw Destruction, Draw Summoning, Draw Stack, Triple Draw, Deal
Four, Stack Five, Renounce Religion


You were on level 15 of the Dungeon.
You worshipped Nemelex Xobeh.
Nemelex Xobeh was exalted by your worship.
You were not hungry.

You visited 4 branches of the dungeon, and saw 24 of its levels.
You also visited: Sewer, Bailey and Gauntlet.

You collected 2148 gold pieces.
You spent 1639 gold pieces at shops.

Inventory:

Hand Weapons
 a - the +10 long sword of Puzep (weapon) {drain, rF+ rC- Str+3}
   (You found it on level 4 of the Lair of Beasts)

   A truly terrible weapon, it drains the life of those it strikes.
   It affects your strength (+3).
   It protects you from fire.
   It makes you vulnerable to cold.
 f - a +1 scimitar of slicing
 w - a +5 long sword
 D - the +2 broad axe of Sequestration {chop, +Blink rN++}
   (You took it off a minotaur in a Gauntlet)

   It inflicts extra damage upon your enemies.
   It greatly protects you from negative energy.
   It lets you blink.
 O - a +0 blowgun
Missiles
 e - 3 javelins of returning (quivered)
 q - 2 javelins of penetration
 r - 3 silver tomahawks
 v - 2 throwing nets
 B - 13 steel javelins
 F - 5 poisoned tomahawks
 G - 11 curare-tipped needles
 X - 7 needles of confusion
Armour
 Q - a +5 shield (worn)
 V - a +2 hat (worn)
Jewellery
 n - a cursed -3 ring of dexterity (on tentacle)
 I - an amulet of the acrobat (around mantle)
 L - the ring "Zeexinge" (left tentacle) {rCorr rC+}
   (You found it on level 9 of the Dungeon)

   [ring of resist corrosion]

   It protects you from cold.
 W - a ring of ice (right tentacle)
Wands
 c - a wand of paralysis (29)
 i - a wand of polymorph (12)
 j - a wand of digging (11)
 p - a wand of clouds (5)
 H - a wand of acid (12)
 J - a wand of random effects (19)
 K - a wand of disintegration (15)
 P - a wand of iceblast (7)
 Y - a wand of flame (14)
Scrolls
 k - 4 scrolls of fog
 o - a scroll of magic mapping
 s - 3 scrolls of fear
 t - a scroll of summoning
 u - 3 scrolls of immolation
 y - 28 scrolls of identify
 z - 11 scrolls of remove curse
 A - a scroll of silence
 T - 4 scrolls of teleportation
Potions
 g - 3 potions of brilliance
 h - 6 potions of curing
 l - 5 potions of cancellation
 m - 2 potions of flight
 C - 4 potions of might
 E - 3 potions of lignification
 R - a potion of ambrosia
 S - 7 potions of agility
 Z - 2 potions of berserk rage
Miscellaneous
 M - a lamp of fire
 U - a sack of spiders
Comestibles
 d - 30 rations


   Skills:
 + Level 13.6 Fighting
 * Level 15.4 Long Blades
 - Level 5.2 Throwing
 + Level 9.1 Dodging
 + Level 11.6 Shields
 - Level 3.0 Unarmed Combat
 + Level 11.3 Invocations
 + Level 7.3 Evocations


You had 14 spell levels left.
You didn't know any spells.
Your spell library contained the following spells:

 Spells                   Type           Power        Failure   Level  Hunger
 Blink                    Tloc           N/A          58%         2    ###....
 Shroud of Golubria       Chrm/Tloc      #.........   58%         2    ###....
 Gell's Gravitas          Tloc           #.........   83%         3    ####...
 Lesser Beckoning         Tloc           #.........   83%         3    ####...
 Teleport Other           Tloc           #.......     83%         3    ####...
 Passage of Golubria      Tloc           N/A          99%         4    #####..


Dungeon Overview and Level Annotations

Branches:
Dungeon (15/15)            Temple (1/1) D:4            Lair (6/6) D:11
 Shoals (0/4) Lair:4        Snake (0/4) Lair:3        Slime (0/5) Lair:6
    Orc (2/2) D:10         Vaults (0/5) D:14         Depths (0/5) D:15
    Elf: Orc:2

Altars:
Ashenzari
Cheibriados
Dithmenos
Elyvilon
Fedhas
Gozag
Hepliaklqana
Kikubaaqudgha
Makhleb
Nemelex Xobeh
Okawaru
Qazlal
Ru
Sif Muna
Trog
Uskayaw
Vehumet
Wu Jian
Xom
Yredelemnul
Zin
The Shining One

Shops:
D:5 *   D:14 }

Annotations:
D:10 1 runed translucent door


Innate Abilities, Weirdness & Mutations

You cannot wear most types of armour.
You are very stealthy in the water. (Stealth+)
You are amphibious.
You can wear up to eight rings at the same time.
You can use your tentacles to constrict eight enemies at once.
Your skin changes colour to match your surroundings (Stealth+).
Your rubbery body absorbs attacks. (AC +1, EV +1)
One of your tentacles bears a spike.
Your body sometimes deteriorates upon taking damage.
Your flesh is heat resistant. (rF+)


Message History

Evoke which item? (* to show all) (? for menu, Esc to quit)
Aiming: Iceblast
Press: ? - help, Shift-Dir - straight line, f - caustic shrike skeleton
Aim: a caustic shrike skeleton (almost destroyed)
The mass of ice explodes!
The iceblast engulfs the caustic shrike skeleton!
The caustic shrike skeleton partially resists.
You destroy the caustic shrike skeleton!
The iceblast engulfs the bullfrog!
The bullfrog is heavily wounded.
You hear a shout! x4
The centaur warrior is engulfed in blazing flames.
Press: ? - help, v - describe, . - travel
Here: a bullfrog (heavily wounded)
The floor.
You feel better.
The centaur warrior is engulfed in blazing flames.
The bullfrog hits you!
You die...
Your body glows with a rainbow of weird colours and disappears.

....P.○##################.#
...P..°..................##
.......○°..................
......8.M☼.................
>..M....#c###### ##########
.......##E# ....... #.#
......P##F############ ####
..P...8...@................
......######..............^
..P8 #..############# #..#
#..# #..# #†.#
#.############..#
................## ####


You could see a centaur warrior, a guardian mummy, a fire elemental and a
bullfrog.

Vanquished Creatures
  A caustic shrike skeleton (D:15)
  The ghost of Vojta the Blocker, a journeyman DDSk of Makhleb (D:13)
  A minotaur (Gauntlet)
  An ettin (Lair:5)
  4 hydras
  4 centaur warriors
  2 dancing weapons (D:14)
  6 two-headed ogres
  3 tengu warriors
  2 death yaks
  Nergalle (Lair:2)
  2 deep trolls
  An unseen horror (D:13)
  An orb spider (Lair:6)
  A lindwurm (Lair:6)
  6 ugly things
  A salamander (shapeshifter) (D:15)
  2 deep elf magi (D:12)
  2 cyclopes
  2 manticores
  6 black mambas
  2 centaur skeletons
  11 spiny frogs
  2 gargoyles (D:13)
  9 komodo dragons
  An ice devil (Gauntlet)
  A tengu conjurer (D:15)
  2 trolls (D:15)
  A wind drake (Lair:6)
  A merfolk (D:10)
  8 polar bears
  4 hornets
  Prince Ribbit (D:9)
  A tyrant leech (Gauntlet)
  Grinder (D:6)
  6 hippogriffs
  4 slime creatures (D:14)
  A raiju (shapeshifter) (Lair:5)
  7 dream sheep (Lair:6)
  12 blink frogs
  Sigmund (D:4)
  A vampire (D:11)
  11 spriggans (Lair:6)
  2 wyverns
  A shadow (D:14)
  32 yaks
  3 basilisks
  A redback (Lair:6)
  4 hungry ghosts
  4 nagas (Lair:3)
  A soldier ant (D:15)
  4 swamp worms (Gauntlet)
  22 water moccasins
  4 porcupines
  Purgy (Sewer)
  3 black bears
  An ice beast (D:10)
  14 orc warriors
  4 eyes of draining
  5 sky beasts
  2 tengu
  11 ogres
  4 phantoms
  5 boggarts
  33 centaurs
  17 wolves (Lair:6)
  17 crocodiles
  2 big kobolds
  Blork the orc (D:6)
  13 bullfrogs
  3 scorpions
  14 wights
  2 howler monkeys (D:13)
  2 jellies
  9 crimson imps
  A quasit (D:6)
  4 centaur zombies
  A gnoll shaman (D:10)
  10 orc priests
  4 bullfrog skeletons
  7 hounds
  15 orc wizards
  Ijyb (D:4)
  3 iguanas
  9 worker ants
  A killer bee zombie (D:6)
  A hound zombie (D:5)
  8 gnolls
  20 adders
  2 howler monkey skeletons (D:4)
  3 shadow imps
  2 white imps (Gauntlet)
  8 worms
  2 dart slugs (D:2)
  5 leopard geckos
  84 orcs
  4 ball pythons
  3 bats
  9 giant cockroaches
  6 goblins
  8 hobgoblins
  6 jackals
  13 kobolds
  6 quokkas
  10 frilled lizards
  A leopard gecko skeleton (D:6)
  A leopard gecko zombie (D:8)
  A quokka skeleton (D:4)
  10 rats
  3 fungi
  2 plants
653 creatures vanquished.

Vanquished Creatures (collateral kills)
  Rupert (Lair:4)
  4 two-headed ogres (D:13)
  Pikel (D:9)
  A worldbinder (Gauntlet)
  An ugly thing (D:14)
  A spiny frog (Lair:6)
  A polar bear (Lair:6)
  3 hornets (Lair:6)
  2 spriggans (Lair:6)
  A yak (D:11)
  A basilisk (Lair:6)
  An ice beast (D:6)
  A wolf (Lair:6)
  An ogre (D:13)
  A centaur (D:6)
  2 crocodiles
  A bullfrog (Lair:1)
  2 orc priests (D:6)
  An orc wizard (D:6)
  An adder (D:6)
  A jackal (D:6)
  A quokka zombie (D:6)
30 creatures vanquished.

Vanquished Creatures (others)
  A mana viper (Lair:5)
  A basilisk (D:11)
  2 orc warriors
  A sky beast (D:10)
  A wyvern skeleton (D:6)
  2 orc priests (D:8)
  2 orc wizards
  4 orcs
  A quokka (D:6)
  22 fungi
  14 plants
  10 withered plants
61 creatures vanquished.

Grand Total: 744 creatures vanquished

Notes
Turn   | Place    | Note
-------+----------+-------------------------------------------
     0 | D:1      | jt the Octopode Fighter began the quest for the Orb.
     0 | D:1      | Reached XP level 1. HP: 16/16 MP: 1/1
    49 | D:1      | Reached XP level 2. HP: 20/21 MP: 2/2
   484 | D:1      | You fall through a shaft!
   491 | D:2      | Reached skill level 3 in Long Blades
   510 | D:2      | Reached XP level 3. HP: 26/26 MP: 3/3
   752 | D:3      | Reached XP level 4. HP: 28/31 MP: 4/4
   897 | D:3      | Found a glowing drain.
   907 | Sewer    | Entered a sewer
   944 | Sewer    | Reached skill level 4 in Long Blades
  1091 | Sewer    | Noticed Purgy
  1095 | Sewer    | Gained mutation: One of your tentacles bears a spike.
                  | [potion of mutation]
  1095 | Sewer    | Gained mutation: Your body sometimes deteriorates upon
                  | taking damage. [potion of mutation]
  1095 | Sewer    | Gained mutation: Your flesh is heat resistant. (rF+)
                  | [potion of mutation]
  1702 | Sewer    | Killed Purgy
  1702 | Sewer    | Reached XP level 5. HP: 22/36 MP: 5/5
  1972 | D:3      | Reached skill level 5 in Long Blades
  2064 | D:2      | Reached XP level 6. HP: 40/42 MP: 6/6
  2410 | D:4      | Found a staircase to the Ecumenical Temple.
  2421 | Temple   | Entered the Ecumenical Temple
  2634 | Temple   | Became a worshipper of Nemelex Xobeh the Trickster
  2678 | D:5      | Entered Level 5 of the Dungeon
  2678 | D:5      | Received a gift from Nemelex Xobeh
  2832 | D:4      | Noticed a phantom
  2867 | D:4      | Killed a phantom
  3209 | D:4      | Reached skill level 6 in Long Blades
  3209 | D:4      | Reached XP level 7. HP: 24/46 MP: 7/7
  3481 | D:4      | Noticed Sigmund
  3498 | D:4      | Found a blossoming altar of Fedhas.
  3498 | D:4      | Found a deep blue altar of Sif Muna.
  3504 | D:4      | Noticed Ijyb
  3508 | D:4      | Reached skill level 5 in Shields
  3512 | D:4      | Found an opulent altar of Gozag.
  3517 | D:4      | Killed Ijyb
  3517 | D:4      | Reached skill level 1 in Evocations
  3518 | D:4      | Found an iron altar of Okawaru.
  3529 | D:4      | Found a sacrificial altar of Ru.
  3600 | D:4      | Received a gift from Nemelex Xobeh
  3796 | D:4      | Killed Sigmund
  4071 | D:2      | Reached * piety under Nemelex Xobeh
  4675 | D:1      | Received a gift from Nemelex Xobeh
  5170 | D:5      | Reached skill level 7 in Long Blades
  5170 | D:5      | Reached skill level 1 in Invocations
  5206 | D:5      | Reached XP level 8. HP: 49/52 MP: 9/9
  5217 | D:5      | Found Geocanug's Serpentskin Sales.
  5240 | D:5      | Bought 6 poisoned tomahawks for 84 gold pieces
  5240 | D:5      | Bought 3 curare-tipped needles for 25 gold pieces
  5513 | D:5      | Found a shimmering altar of Xom.
  5514 | D:5      | Found a hazy altar of Hepliaklqana.
  5514 | D:5      | Noticed a tentacled monstrosity
  5833 | D:5      | Found an ornate altar of the Wu Jian Council.
  5885 | D:5      | Reached skill level 8 in Long Blades
  6114 | D:5      | Received a gift from Nemelex Xobeh
  6211 | D:5      | Noticed a spectral ugly thing
  6212 | D:5      | Noticed a tentacled monstrosity
  6462 | D:6      | Reached XP level 9. HP: 55/56 MP: 12/12
  6563 | D:6      | Found a shadowy altar of Dithmenos.
  7021 | D:6      | Noticed Blork the orc
  7065 | D:6      | Killed Blork the orc
  7122 | D:6      | Reached skill level 9 in Long Blades
  7473 | D:6      | Noticed Grinder
  7476 | D:6      | Paralysed by Grinder for 6 turns
  7489 | D:6      | Killed Grinder
  7489 | D:6      | Reached skill level 5 in Evocations
  7580 | D:6      | Found a glowing golden altar of the Shining One.
  7583 | D:6      | Received a gift from Nemelex Xobeh
  7764 | D:6      | Found a white marble altar of Elyvilon.
  8099 | D:7      | Reached ** piety under Nemelex Xobeh
  8304 | D:7      | Found a stormy altar of Qazlal.
  8344 | D:7      | Found a bloodstained altar of Trog.
  8701 | D:8      | Reached skill level 5 in Invocations
  8701 | D:8      | Reached XP level 10. HP: 45/63 MP: 14/14
  8874 | D:8      | Reached skill level 10 in Long Blades
  8968 | D:8      | Noticed a two-headed ogre
  9279 | D:8      | Killed a two-headed ogre
  9279 | D:8      | Reached skill level 1 in Unarmed Combat
  9406 | D:8      | Noticed a two-headed ogre
  9424 | D:8      | Killed a two-headed ogre
  9708 | D:9      | Got a smoking lead ring
  9709 | D:9      | Identified the ring "Zeexinge" {rCorr rC+} (You found it on
                  | level 9 of the Dungeon)
  9996 | D:9      | Noticed Pikel
 10010 | D:9      | Killed Pikel
 10010 | D:9      | Reached skill level 1 in Throwing
 10148 | D:9      | Received a gift from Nemelex Xobeh
 10477 | D:9      | Noticed Prince Ribbit
 10485 | D:9      | Killed Prince Ribbit
 10485 | D:9      | Reached skill level 11 in Long Blades
 10485 | D:9      | Reached XP level 11. HP: 63/67 MP: 15/15
 10597 | D:10     | Entered Level 10 of the Dungeon
 11276 | D:10     | Found a glowing golden altar of the Shining One.
 11276 | D:10     | Noticed an angel
 11277 | D:10     | Found a runed translucent door.
 11277 | D:10     | Reached *** piety under Nemelex Xobeh
 12444 | D:10     | Received a gift from Nemelex Xobeh
 12509 | D:10     | Found a staircase to the Orcish Mines.
 12630 | D:11     | Found a staircase to the Lair.
 12631 | D:11     | Noticed a white ugly thing
 12638 | D:11     | Killed a white ugly thing
 12998 | D:11     | Found a flagged portal.
 13011 | Bailey   | Entered a bailey
 14945 | D:11     | Noticed a cyclops
 14955 | D:11     | Killed a cyclops
 14955 | D:11     | Reached skill level 5 in Fighting
 14955 | D:11     | Reached skill level 12 in Long Blades
 15080 | D:11     | Noticed a two-headed ogre
 15103 | D:11     | Noticed a mana viper
 15103 | D:11     | a two-headed ogre changed into a mana viper
 15103 | D:11     | Noticed a death drake
 15103 | D:11     | an elephant changed into a death drake
 15106 | D:11     | a mana viper changed into a big kobold
 15106 | D:11     | a death drake changed into a tengu
 15284 | D:11     | Paralysed by a hornet for 3 turns
 15587 | D:11     | Reached XP level 12. HP: 33/77 MP: 17/17
 16235 | D:11     | Reached skill level 5 in Dodging
 16564 | Lair:1   | Entered Level 1 of the Lair of Beasts
 17153 | Lair:1   | Reached **** piety under Nemelex Xobeh
 17198 | Lair:1   | Received a gift from Nemelex Xobeh
 17385 | Lair:2   | Received a gift from Nemelex Xobeh
 17923 | Lair:2   | Received a gift from Nemelex Xobeh
 18434 | Lair:2   | Noticed Nergalle
 18437 | Lair:2   | Killed Nergalle
 19289 | Lair:3   | Reached ***** piety under Nemelex Xobeh
 19770 | Lair:3   | Found a staircase to the Snake Pit.
 19809 | Lair:3   | Received a gift from Nemelex Xobeh
 19832 | Lair:3   | Reached skill level 13 in Long Blades
 20150 | Lair:3   | Reached XP level 13. HP: 58/87 MP: 19/19
 20848 | Lair:3   | Reached skill level 10 in Shields
 20977 | Lair:4   | Reached skill level 5 in Throwing
 21208 | Lair:4   | Noticed Rupert
 21215 | Lair:4   | Killed Rupert
 21381 | Lair:4   | Found a staircase to the Shoals.
 21507 | Lair:4   | Got a twisted long sword
 21508 | Lair:4   | Identified the +10 long sword of Puzep {drain, rF+ rC-
                  | Str+3} (You found it on level 4 of the Lair of Beasts)
 21800 | Lair:5   | Found a gate leading to a gauntlet.
 21822 | Gauntlet | Entered a Gauntlet
 21822 | Gauntlet | Found a transporter.
 21822 | Gauntlet | Found a transporter.
 21822 | Gauntlet | Found a transporter.
 21823 | Gauntlet | Found a runed translucent door.
 21826 | Gauntlet | Found a transporter.
 21827 | Gauntlet | Found a transporter.
 21829 | Gauntlet | Found a transporter.
 21835 | Gauntlet | Found a transporter.
 21837 | Gauntlet | Found a transporter.
 21838 | Gauntlet | Found a transporter.
 21840 | Gauntlet | Found a transporter.
 21847 | Gauntlet | Noticed an entropy weaver
 21848 | Gauntlet | Found a transporter.
 21848 | Gauntlet | Found a transporter.
 22196 | Gauntlet | Received a gift from Nemelex Xobeh
 22210 | Gauntlet | Identified the +2 broad axe of Sequestration {chop, +Blink
                  | rN++}
 22210 | Gauntlet | Noticed a minotaur
 22245 | Gauntlet | Killed a minotaur
 22339 | Gauntlet | Got a smelly ring mail
 22686 | Lair:5   | Received a gift from Nemelex Xobeh
 22729 | Lair:5   | Noticed an ettin
 22729 | Lair:5   | a five-headed hydra changed into an ettin
 22739 | Lair:5   | Killed an ettin
 23034 | Lair:5   | Noticed an emperor scorpion
 23034 | Lair:5   | a death yak changed into an emperor scorpion
 23034 | Lair:5   | Noticed a minotaur
 23034 | Lair:5   | a death yak changed into a minotaur
 23045 | Lair:5   | an emperor scorpion changed into a glowing shapeshifter
 23045 | Lair:5   | a minotaur changed into a deep troll
 23048 | Lair:5   | Reached skill level 10 in Fighting
 23218 | Lair:5   | Reached skill level 14 in Long Blades
 23432 | Lair:5   | Received a gift from Nemelex Xobeh
 23477 | Lair:5   | Reached skill level 10 in Invocations
 23793 | Lair:6   | Entered Level 6 of the Lair of Beasts
 23800 | Lair:6   | Reached XP level 14. HP: 99/99 MP: 21/21
 24380 | Lair:6   | Found a staircase to the Slime Pits.
 24398 | Lair:6   | Noticed Snorg
 24403 | Lair:6   | Noticed Snorg
 24403 | Lair:6   | Snorg changed into Snorg the orb spider
 24405 | Lair:6   | Killed Snorg the orb spider
 24806 | Lair:6   | Received a gift from Nemelex Xobeh
 26049 | Orc:1    | Entered Level 1 of the Orcish Mines
 26235 | Orc:2    | Entered Level 2 of the Orcish Mines
 26769 | D:12     | Received a gift from Nemelex Xobeh
 26987 | D:12     | Reached ****** piety under Nemelex Xobeh
 26987 | D:12     | Received a gift from Nemelex Xobeh
 27655 | D:13     | Reached skill level 15 in Long Blades
 27942 | D:13     | Reached XP level 15. HP: 110/110 MP: 23/23
 27960 | D:13     | Identified the +3 great mace of Okawaru's Condemnation
                  | {crush, rElec Int+4}
 27960 | D:13     | Identified the +6 dire flail "Xihouder" {venom, Dex+2}
 27962 | D:13     | Found a transporter.
 27963 | D:13     | Found a transporter.
 27968 | D:13     | Noticed Vojta's ghost (journeyman DDSk)
 28008 | D:13     | Killed Vojta's ghost
 28565 | D:14     | Found a gate to the Vaults.
 28751 | D:14     | Received a gift from Nemelex Xobeh
 29217 | D:14     | Found Diwe's Gadget Shoppe.
 29244 | D:14     | Received a gift from Nemelex Xobeh
 29251 | D:14     | Bought a wand of acid (11) for 510 gold pieces
 29254 | D:14     | Bought a lamp of fire for 680 gold pieces
 29254 | D:14     | Bought a sack of spiders for 340 gold pieces
 29477 | D:15     | Entered Level 15 of the Dungeon
 30021 | D:15     | Found a staircase to the Depths.
 30031 | D:15     | HP: 2/111 [caustic shrike skeleton (17)]
 30034 | D:15     | Slain by a bullfrog

Skill      XL: |  1  2  3  4  5  6  7  8  9 10 11 12 13 14 15 |
---------------+----------------------------------------------+-----
Long Blades    | 3 4 5 6 7 8 9 11 12 13 14 15 | 15.4
Shields        | 4 5 6 7 8 9 10 11 | 11.6
Evocations     | 2 4 5 6 7 |  7.3
Invocations    | 1 3 5 6 7 9 10 11 | 11.3
Unarmed Combat | 3 |  3.0
Throwing       | 1 2 4 5 |  5.2
Fighting       | 5 7 10 13 | 13.6
Dodging        | 4 6 7 8 9 |  9.1

Action                   |  1- 3 |  4- 6 |  7- 9 | 10-12 | 13-15 || total
-------------------------+-------+-------+-------+-------+-------++-------
Melee: Long sword        |    49 |    92 |   217 |   585 |   603 ||  1546
       Constrict         |    19 |    23 |    53 |   103 |    75 ||   273
       Tentacles         |    14 |    28 |    40 |   139 |   124 ||   345
       Spear             |       |   123 |       |       |       ||   123
       Kick              |       |    26 |    93 |   221 |   229 ||   569
       Falchion          |       |       |     3 |       |       ||     3
       Punch             |       |       |       |    15 |    20 ||    35
 Fire: Hand crossbow     |       |     8 |       |     2 |       ||    10
Throw: Stone             |     3 |     5 |     6 |     2 |       ||    16
       Tomahawk          |       |       |    28 |    96 |    19 ||   143
       Javelin           |       |       |       |    87 |   182 ||   269
Invok: Stack Five        |       |       |       |     1 |       ||     1
 Abil: Draw Destruction  |       |     2 |     8 |    28 |    38 ||    76
       Draw Summoning    |       |       |     2 |     6 |    13 ||    21
       Draw Escape       |       |       |       |     3 |       ||     3
Evoke: Wand              |       |       |     1 |     1 |    14 ||    16
  Use: Scroll            |     5 |     7 |     4 |    10 |     7 ||    33
       Potion            |       |     9 |     2 |     3 |     7 ||    21
 Stab: Sleeping          |     3 |     9 |     7 |     6 |     2 ||    27
       Confused          |       |       |       |     1 |       ||     1
       Distracted        |       |       |       |       |     1 ||     1
  Eat: Chunk             |       |     2 |     9 |    17 |    27 ||    55
       Ration            |       |     2 |     2 |     6 |     2 ||    12
Armor: Skin              |     1 |     4 |     8 |     7 |    15 ||    35
Dodge: Dodged            |    18 |    43 |    65 |   205 |   195 ||   526
Block: Shield            |    17 |    60 |   117 |   369 |   352 ||   915
       Rpst.: Long sword |     8 |     7 |    18 |    51 |    36 ||   120
